AoeStats
← tacos4life198

African Clearing

505640111Analyzed
2v2 RM · 21d ago on Sep 10, 2026· 23m 41s· 4 players
Game mode
Random Map
Map size
Medium (4 player)
Population
200
Speed
Normal
Resources
Standard
Victory
Conquest
Starting age
Dark Age
Ending age
Imperial Age
RankedLock teamsTeams togetherTeam positionsShared explorationLock speedFull tech treeHidden civsTurbo modeCheats
Victory
Defeat
🇨🇴 Huns · Colombia
1090
+17
🇰🇿 Tatars · Kazakhstan
1064
+18
🇫🇷 Armenians · France
1173
-20
🇨🇳 Koreans · China
1050
-38
tacos4life198
4:43 Loom
16:04 Feudal Age
nurlan-c
3:39 Loom
14:27 Feudal Age
15:47 Wheelbarrow
17:42 Fletching
17:56 Padded Archer Armor
21:52 Castle Age
21:26 Gold Mining
22:43 Bodkin Arrow
22:12 Crossbowman
23:55 Gold Shaft Mining
clem3613
11:01 Loom
13:29 Feudal Age
13:52 Man-at-Arms
15:11 Scale Mail Armor
15:16 Long Swordsman
16:45 Arson
18:15 Forging
18:19 Double-Bit Axe
1956323535
15:53 Feudal Age
21:31 Town Watch
Connection lost

Rejoining the realm…

Still unreachable

The connection could not be restored.

Session expired

The server has moved on; the page needs a fresh start.